 Dungeon Crawl Stone Soup version 0.19.5 (webtiles) character file.

2593 McKennaii the Thaumaturge (level 9, -1/47 HPs)
             Began as a Deep Elf Fire Elementalist on May 7, 2017.
             Was a Follower of Vehumet.
             Hit by a tomahawk thrown by an orc warrior (9 damage)
             ... on level 8 of the Dungeon.
             The game lasted 00:14:43 (6332 turns).

McKennaii the Thaumaturge (DEFE)                    Turns: 6332, Time: 00:14:44

Health: -1/47      AC:  5    Str:  5    XL:     9   Next: 33%
Magic:  20/39      EV: 15    Int: 24    God:    Vehumet [*.....]
Gold:   168        SH:  0    Dex: 15    Spells: 5 memorised, 15 levels left

rFire  + . .     SeeInvis +     o - staff of power
rCold  + . .     Gourm    .     m - +2 robe {rC+}
rNeg   . . .     Faith    .     (no shield)
rPois  .         Spirit   .     (no helmet)
rElec  .         Reflect  .     (no cloak)
rCorr  .         Harm     .     (no gloves)
MR     .....                    v - +0 pair of boots
Stlth  +++.......               (no amulet)
                                C - ring of see invisible
                                j - ring of protection from fire

@: no status effects
A: no striking features
a: Renounce Religion


You were on level 8 of the Dungeon.
You worshipped Vehumet.
Vehumet was aware of your devotion.
You were not hungry.

You visited 2 branches of the dungeon, and saw 9 of its levels.

You collected 366 gold pieces.
You spent 198 gold pieces at shops.

Inventory:

Armour
 m - a +2 robe of cold resistance (worn)
 v - a +0 pair of boots (worn)
Magical Staves
 o - an uncursed staff of power (weapon)
Jewellery
 j - a ring of protection from fire (left hand)
 C - a ring of see invisible (right hand)
Wands
 p - a wand of slowing (32/48)
 y - a wand of disintegration (9/24)
Scrolls
 e - 6 scrolls of identify {unknown}
 f - a scroll of enchant armour {unknown}
 g - a scroll of remove curse {unknown}
 h - 2 scrolls of fear {unknown}
 i - a scroll of teleportation {unknown}
 n - a scroll of immolation {unknown}
 r - a scroll of fog {unknown}
 A - a scroll of torment {unknown}
 B - a scroll of brand weapon {unknown}
Potions
 d - 2 potions of degeneration {unknown}
 l - a potion of lignification {unknown}
 s - a potion of mutation {unknown}
 t - a potion of brilliance {unknown}
 u - a potion of ambrosia {unknown}
 z - a potion of heal wounds {unknown}
Books
 b - a book of Flames

   Spells                             Type                      Level
   a - Flame Tongue                   Conjuration/Fire             1
   b - Throw Flame                    Conjuration/Fire             2
   c - Conjure Flame                  Conjuration/Fire             3
   d - Inner Flame                    Hexes/Fire                   3
   e - Sticky Flame                   Conjuration/Fire             4
   f - Fireball                       Conjuration/Fire             5
Comestibles
 c - 9 bread rations
 k - 2 meat rations
 q - a chunk of flesh
 w - 2 fruits
 x - a beef jerky


   Skills:
 + Level 1.3 Fighting
 + Level 4.6 Dodging
 + Level 4.0 Stealth
 + Level 9.8 Spellcasting
 + Level 7.2 Conjurations
 + Level 8.0 Fire Magic


You had 15 spell levels left.
You knew the following spells:

 Your Spells              Type           Power        Failure   Level  Hunger
a - Flame Tongue          Conj/Fire      #####        1%          1    None
b - Throw Flame           Conj/Fire      #####.       1%          2    None
c - Conjure Flame         Conj/Fire      #####...     1%          3    None
d - Magic Dart            Conj           ####         1%          1    None
f - Fireball              Conj/Fire      #####.....   8%          5    ####...


Dungeon Overview and Level Annotations

Branches:
Dungeon (8/15)             Temple (1/1) D:4
   Lair: D:8-11

Altars:
Ashenzari
Cheibriados
Dithmenos
Elyvilon
Fedhas
Gozag
Hepliaklqana
Kikubaaqudgha
Makhleb
Nemelex Xobeh
Okawaru
Qazlal
Ru
Sif Muna
Trog
Uskayaw
Vehumet
Xom
Yredelemnul
Zin

Shops:
D:4 (   D:5 [


Message History

The orc warrior is severely wounded.
The orc warrior throws a tomahawk.
The tomahawk hits you!
Casting: Flame Tongue
Confirm with . or Enter, or press ? or * to list all spells.
Aiming: Flame Tongue
Press: ? - help, Shift-Dir - straight line, f/p - orc warrior
Aim: an orc warrior, wielding a long sword and wearing a chain mail (severely wounded)
The flame tongue hits the orc warrior.
The orc warrior is almost dead.
The orc warrior throws a tomahawk.
The tomahawk hits you!
* * * LOW HITPOINT WARNING * * *
Casting: Flame Tongue
Confirm with . or Enter, or press ? or * to list all spells.
Aiming: Flame Tongue
Press: ? - help, Shift-Dir - straight line, f/p - orc warrior
Aim: an orc warrior, wielding a long sword and wearing a chain mail (almost dead)
The flame tongue hits the orc warrior.
The orc warrior appears unharmed.
The orc warrior is almost dead.
The orc warrior throws a tomahawk.
The tomahawk hits you!
You die...

### #........# ...
#.#......#
#.##.#.[....# #
#....#......#
...#.#.........#
#..............####
#......<....(.....#
#..##.###..(.....##
#.. ##@.....## #.
#.....### #..#.##
#.....# .....#>#
o#)#.#.) ......#..
#.#.#.. ...


You could see an orc warrior.

Vanquished Creatures
  A hippogriff (D:7)
  A black bear (D:6)
  3 ice beasts
  2 ogres
  A sky beast (D:5)
  4 centaurs
  5 big kobolds
  2 bullfrogs (D:7)
  3 howler monkeys
  A crimson imp (D:7)
  A hound (D:7)
  11 orc wizards
  A centaur skeleton (D:5)
  2 iguanas
  Jessica (D:2)
  3 worker ants
  A hound skeleton (D:5)
  12 gnolls
  5 adders
  An ooze (D:4)
  An adder skeleton (D:7)
  5 worms (D:2)
  2 dart slugs (D:1)
  2 leopard geckos
  20 orcs
  7 bats
  4 giant cockroaches
  29 goblins
  25 hobgoblins
  2 jackals (D:3)
  12 kobolds
  4 quokkas
  A ball python (D:5)
  A frilled lizard (D:4)
  8 rats
184 creatures vanquished.

Notes
Turn   | Place    | Note
-------+----------+-------------------------------------------
     0 | D:1      | McKennaii the Deep Elf Fire Elementalist began the quest for the Orb.
     0 | D:1      | Reached XP level 1. HP: 10/10 MP: 6/6
   162 | D:1      | Reached XP level 2. HP: 8/15 MP: 1/8
   506 | D:1      | Reached XP level 3. HP: 13/19 MP: 2/10
   875 | D:2      | Reached skill level 4 in Spellcasting
   969 | D:2      | Noticed Jessica
   972 | D:2      | Killed Jessica
   972 | D:2      | Reached XP level 4. HP: 20/24 MP: 7/12
  1327 | D:2      | Found a bloodstained altar of Trog.
  1646 | D:3      | Found a blossoming altar of Fedhas.
  1919 | D:3      | Found a faded altar of an unknown god.
  2082 | D:3      | Reached XP level 5. HP: 28/28 MP: 12/14
  2167 | D:3      | Learned a level 2 spell: Throw Flame
  2171 | D:3      | Learned a level 3 spell: Conjure Flame
  2398 | D:3      | Reached skill level 5 in Spellcasting
  2825 | D:3      | Reached XP level 6. HP: 26/32 MP: 8/16
  2934 | D:2      | Reached skill level 6 in Spellcasting
  2934 | D:2      | Reached skill level 5 in Fire Magic
  3067 | D:3      | Reached XP level 7. HP: 9/36 MP: 7/18
  3621 | D:4      | Learned a level 5 spell: Fireball
  3768 | D:4      | Found a staircase to the Ecumenical Temple.
  4004 | Temple   | Entered the Ecumenical Temple
  4013 | Temple   | Became a worshipper of Vehumet
  4422 | D:4      | Found Juannici's Weapon Shop.
  4430 | D:4      | Bought a +0 quarterstaff for 44 gold pieces
  4489 | D:5      | Entered Level 5 of the Dungeon
  4729 | D:5      | Reached skill level 7 in Spellcasting
  4932 | D:5      | Found Ciugeisch's Antique Armour Shoppe.
  4946 | D:5      | Bought a glowing robe for 154 gold pieces
  5324 | D:6      | Reached skill level 5 in Conjurations
  5324 | D:6      | Reached XP level 8. HP: 39/42 MP: 14/21
  5397 | D:6      | Reached skill level 8 in Spellcasting
  5586 | D:6      | Found a hide-covered altar of Uskayaw.
  5636 | D:6      | Reached * piety under Vehumet
  5636 | D:6      | Offered knowledge of Magic Dart by Vehumet.
  5812 | D:7      | Learned a level 1 spell: Magic Dart
  5839 | D:7      | Reached skill level 9 in Spellcasting
  5846 | D:7      | Reached skill level 1 in Fighting
  5989 | D:7      | Noticed a hippogriff
  5996 | D:7      | Killed a hippogriff
  5996 | D:7      | Reached XP level 9. HP: 33/47 MP: 11/24
  6332 | D:8      | Hit by a tomahawk thrown by an orc warrior

Skill      XL: |  1  2  3  4  5  6  7  8  9 |
---------------+----------------------------+-----
Dodging        | 3 4 |  4.6
Spellcasting   | 4 5 6 7 9 |  9.8
Conjurations   | 2 3 5 6 7 |  7.2
Fire Magic     | 4 5 6 7 8 |  8.0
Stealth        | 3 4 |  4.0
Fighting       | 1 |  1.3

Action                   |  1- 3 |  4- 6 |  7- 9 || total
-------------------------+-------+-------+-------++-------
Melee: Unarmed           |     2 |       |       ||     2
 Cast: Flame Tongue      |    74 |   141 |   167 ||   382
       Conjure Flame     |       |     2 |     1 ||     3
       Fireball          |       |       |    12 ||    12
       Throw Flame       |       |       |     4 ||     4
       Magic Dart        |       |       |     3 ||     3
  Eat: Chunk             |       |     5 |     2 ||     7
       Meat ration       |       |       |     2 ||     2
       Beef jerky        |       |       |     1 ||     1
Armor: Robe              |    11 |     2 |     7 ||    20
Dodge: Dodged            |    38 |    43 |    44 ||   125
